 Dungeon Crawl Stone Soup version 0.23.2-1-ga50397a (webtiles) character file.

Game seed: 8697607480387264365

2814 Borgoz the Basher (level 9, 78/78 HPs)
             Began as a Hill Orc Gladiator on May 16, 2019.
             Was a Believer of Beogh.
             Quit the game on level 8 of the Dungeon.
             The game lasted 00:20:27 (7973 turns).

Borgoz the Basher (Hill Orc Gladiator)              Turns: 7973, Time: 00:20:28

Health: 78/78      AC: 11    Str: 15    XL:     9   Next: 72%
Magic:  18/18      EV: 13    Int:  8    God:    Beogh [**....]
Gold:   204        SH:  0    Dex: 15    Spells: 8/8 levels left

rFire    + . .     SeeInvis +   d - +2 rapier of Impatience {pierce, rF+ MP+9 Str-2}
rCold    . . .     Gourm    .   (no shield)
rNeg     . . .     Faith    .   h - +2 ring mail {rPois}
rPois    +         Spirit   +   c - +0 helmet
rElec    .         Reflect  .   g - +0 cloak
rCorr    .         Harm     .   (no gloves)
MR       .....                  (no boots)
Stlth    +.........             s - amulet of guardian spirit
HPRegen  0.23/turn              j - ring of see invisible
MPRegen  0.16/turn              (no ring)

@: no status effects
A: no striking features
a: Smiting, Renounce Religion


You were on level 8 of the Dungeon.
You worshipped Beogh.
Beogh was pleased with you.
You were not hungry.

You visited 2 branches of the dungeon, and saw 9 of its levels.
You also visited: Sewer.

You collected 204 gold pieces.

Inventory:

Hand Weapons
 a - a +0 flail
 d - the +2 rapier of Impatience (weapon) {pierce, rF+ MP+9 Str-2}
   (You found it on level 8 of the Dungeon)

   It inflicts extra damage upon your enemies.
   It affects your strength (-2).
   It protects you from fire.
   It affects your magic capacity (+9).
Armour
 c - a +0 helmet (worn)
 g - a +0 cloak (worn)
 h - a +2 ring mail of poison resistance (worn)
 q - the +1 robe "Cunic" {rN+ Stlth+}
   (You found it on level 7 of the Dungeon)

   It protects you from negative energy.
   It makes you more stealthy.
Jewellery
 j - a ring of see invisible (left hand)
 r - an uncursed amulet of harm
 s - an amulet of guardian spirit (around neck)
Wands
 k - a wand of polymorph (6)
Scrolls
 b - 2 scrolls of amnesia {unknown}
 e - 2 scrolls of remove curse {unknown}
 i - a scroll of brand weapon {unknown}
 l - a scroll of teleportation
 m - 3 scrolls of enchant weapon
 n - 2 scrolls of blinking
 p - a scroll of enchant armour
Comestibles
 f - 10 rations
 o - 3 chunks of flesh


   Skills:
 + Level 6.8 Fighting
 * Level 9.0 Maces & Flails
 - Level 2.0 Throwing
 * Level 8.0 Armour
 + Level 5.0 Dodging


You had 8 spell levels left.
You didn't know any spells.
Your spell library contained the following spells:

 Spells                   Type           Power        Failure   Level  Hunger
 Animate Skeleton         Necr           N/A          58%         1    ##.....
 Apportation              Tloc           #.....       58%         1    ##.....
 Confusing Touch          Hex            #.....       58%         1    ##.....
 Summon Small Mammal      Summ           #...         58%         1    ##.....


Dungeon Overview and Level Annotations

Branches:
Dungeon (8/15)             Temple (1/1) D:7
   Lair: D:8-11

Altars:
Ashenzari
Cheibriados
Dithmenos
Elyvilon
Fedhas
Gozag
Hepliaklqana
Kikubaaqudgha
Makhleb
Nemelex Xobeh
Okawaru
Qazlal
Ru
Sif Muna
Trog
Uskayaw
Vehumet
Wu Jian
Xom
Yredelemnul
Zin
The Shining One

Shops:
D:7 [*([


Message History

Number of times to repeat, then command key: You must enter the number of times for the command to repeat.
Number of times to repeat, then command key: You must enter the number of times for the command to repeat.
Unknown command.
Welcome back, Borgoz the Hill Orc Gladiator.
Beogh says: Drown the unbelievers in a sea of blood!
Press ? for a list of commands and other information.
Welcome back, Borgoz the Hill Orc Gladiator.
Beogh says: Drown the unbelievers in a sea of blood!
Press ? for a list of commands and other information.
Welcome back, Borgoz the Hill Orc Gladiator.
Beogh says: Drown the unbelievers in a sea of blood!
Press ? for a list of commands and other information.
Welcome back, Borgoz the Hill Orc Gladiator.
Beogh says: Drown the unbelievers in a sea of blood!
Press ? for a list of commands and other information.
No target in view!
Unknown command.
Are you sure you want to abandon this character and quit the game? (Confirm with "yes".)

. ### .....# .. .....#
.. .....#'####+# .#
.....#..##..######.## .
.....#..............#...
.....#..............'...
.....#..........@...#
.....#..######..##..#
.....#..#....#(.##'##
.....'..#....'......#
.....#..'....#......'.
.....##'#.......#####.
.........#####....
.........# #.....
.........# #.......


There were no monsters in sight!

Vanquished Creatures
  Eustachio (D:5)
  An orc warrior (D:6)
  Purgy (Sewer)
  2 phantoms
  An ice beast (D:5)
  5 ogres
  A centaur (D:7)
  A crocodile (D:7)
  A bullfrog (D:6)
  3 killer bees (D:8)
  4 scorpions
  2 howler monkeys (D:8)
  4 crimson imps
  A centaur zombie (D:7)
  A hound (D:8)
  2 centaur skeletons
  3 orc priests
  3 bullfrog skeletons
  11 orc wizards
  4 worker ants
  2 iguanas
  Terence (D:3)
  A hound zombie (D:5)
  A hound skeleton (D:4)
  3 gnolls (D:6)
  2 howler monkey skeletons
  9 adders
  A shadow imp (D:5)
  An ooze (D:4)
  3 worms
  2 dart slugs
  4 leopard geckos
  20 orcs
  8 giant cockroaches
  5 goblins
  4 hobgoblins
  8 jackals
  4 quokkas
  4 ball pythons
  7 bats
  8 frilled lizards
  A jackal skeleton (D:7)
  8 kobolds
  10 rats
169 creatures vanquished.

Vanquished Creatures (others)
  An orc priest (D:4)
  An orc wizard (D:4)
  An adder skeleton (D:4)
  An orc (D:4)
  A quokka (D:4)
5 creatures vanquished.

Grand Total: 174 creatures vanquished

Notes
Turn   | Place    | Note
-------+----------+-------------------------------------------
     0 | D:1      | Borgoz the Hill Orc Gladiator began the quest for the Orb.
     0 | D:1      | Reached XP level 1. HP: 18/18 MP: 1/1
   176 | D:1      | Reached XP level 2. HP: 25/25 MP: 2/2
   733 | D:2      | Reached skill level 1 in Armour
   733 | D:2      | Reached XP level 3. HP: 20/30 MP: 3/3
  1110 | D:2      | Reached skill level 4 in Maces & Flails
  1111 | D:2      | Reached XP level 4. HP: 17/38 MP: 4/4
  1724 | D:3      | Noticed Terence
  1740 | D:3      | Killed Terence
  1808 | D:3      | Found a deep blue altar of Sif Muna.
  1832 | D:3      | Reached XP level 5. HP: 17/45 MP: 5/5
  2617 | D:4      | Reached XP level 6. HP: 32/52 MP: 3/6
  2799 | D:4      | Reached skill level 5 in Maces & Flails
  2904 | D:5      | Entered Level 5 of the Dungeon
  2936 | D:5      | Found a glowing drain.
  2969 | Sewer    | Entered a sewer
  3017 | Sewer    | Noticed Purgy
  3032 | Sewer    | Killed Purgy
  3230 | D:5      | Reached XP level 7. HP: 59/59 MP: 7/7
  3348 | D:5      | Noticed Eustachio
  3414 | D:5      | Paralysed by an orc for 5 turns
  3696 | D:5      | Reached skill level 6 in Maces & Flails
  3814 | D:4      | Became a worshipper of Beogh the Brigand
  4123 | D:4      | Reached skill level 5 in Armour
  4171 | D:4      | Reached XP level 8. HP: 65/67 MP: 8/8
  4328 | D:4      | Reached skill level 5 in Fighting
  4657 | D:5      | Reached skill level 7 in Maces & Flails
  4990 | D:5      | Killed Eustachio
  5274 | D:6      | Reached * piety under Beogh
  5274 | D:6      | Reached XP level 9. HP: 11/75 MP: 1/9
  5602 | D:6      | Reached skill level 8 in Maces & Flails
  6182 | D:7      | Found Ene Taej's Armour Shoppe.
  6209 | D:7      | Found a staircase to the Ecumenical Temple.
  6288 | Temple   | Entered the Ecumenical Temple
  6533 | D:7      | Found Qine's Weapon Shop.
  6562 | D:7      | Found Mupeapna's Armour Emporium.
  6726 | D:7      | Got a slimy robe
  6727 | D:7      | Identified the +1 robe "Cunic" {rN+ Stlth+} (You found it
                  | on level 7 of the Dungeon)
  6746 | D:7      | Found Muive's Assorted Antiques.
  7399 | D:8      | Reached ** piety under Beogh
  7472 | D:8      | Got a bloodstained rapier
  7738 | D:8      | Identified the +2 rapier of Impatience {pierce, rF+ MP+9
                  | Str-2} (You found it on level 8 of the Dungeon)
  7820 | D:8      | Reached skill level 5 in Dodging
  7827 | D:8      | Found a shattered altar of Ashenzari.
  7968 | D:8      | Reached skill level 9 in Maces & Flails
  7973 | D:8      | Quit the game

Skill      XL: |  1  2  3  4  5  6  7  8  9 |
---------------+----------------------------+-----
Throwing       | 2 |  2.0
Armour         | 1 2 3 5 6 8 |  8.0
Fighting       | 3 4 5 6 |  6.8
Maces & Flails | 4 5 6 7 9 |  9.0
Dodging        | 3 4 5 |  5.0

Action                   |  1- 3 |  4- 6 |  7- 9 || total
-------------------------+-------+-------+-------++-------
Melee: Flail             |   128 |   238 |   441 ||   807
       Rapier            |       |       |    40 ||    40
Throw: Throwing net      |       |     7 |       ||     7
Invok: Convert to Beogh  |       |       |     1 ||     1
Evoke: Wand              |       |       |     3 ||     3
  Use: Potion            |       |    10 |     6 ||    16
       Scroll            |       |     2 |     7 ||     9
 Stab: Paralysed         |       |       |    11 ||    11
  Eat: Chunk             |     1 |     7 |     9 ||    17
       Ration            |       |       |     2 ||     2
Armor: Ring mail         |    62 |   136 |   202 ||   400
       Leather armour    |     5 |       |       ||     5
       Skin              |       |    24 |       ||    24
Dodge: Dodged            |   104 |   204 |   361 ||   669
